 Dungeon Crawl Stone Soup version 0.19.4-8-ga85b6b9 (webtiles) character file.

254 Wardy1 the Skirmisher (level 5, -1/46 HPs)
             Began as a Demonspawn Abyssal Knight on Feb 7, 2017.
             Was a Follower of Okawaru.
             Slain by a small abomination (14 damage)
             ... created by the touch of Lugonu
             ... on level 3 of the Dungeon.
             The game lasted 00:09:19 (3552 turns).

Wardy1 the Skirmisher (Demonspawn Abyssal Knight)   Turns: 3552, Time: 00:09:20

Health: -1/46      AC:  7    Str: 13    XL:     5   Next: 91%
Magic:  4/6        EV: 13    Int: 14    God:    Okawaru [*.....]
Gold:   112        SH:  0    Dex: 12    Spells: 0 memorised, 4 levels left

rFire  + . .     SeeInvis .     a - +1 spear
rCold  . . .     Gourm    .     o - +1 ring mail
rNeg   . . .     Faith    .     (no shield)
rPois  .         Spirit   .     (no helmet)
rElec  .         Reflect  .     (no cloak)
rCorr  .         Harm     .     (no gloves)
MR     .....                    (no boots)
Stlth  +.........               (no amulet)
                                (no ring)
                                n - ring of loudness (curse)

@: heroism
A: fire resistance 1, flame cloud immunity
a: Heroism, Renounce Religion


You were on level 3 of the Dungeon.
You worshipped Okawaru.
Okawaru was aware of your devotion.
You were hungry.

You visited 1 branch of the dungeon, and saw 3 of its levels.
You visited the Abyss 1 time.

You collected 112 gold pieces.

Inventory:

Hand Weapons
 a - a +1 spear (weapon)
Armour
 b - a +0 leather armour
 o - a +1 ring mail (worn)
Jewellery
 f - an uncursed ring of magical power {unknown}
 n - a cursed ring of loudness (left hand)
Scrolls
 d - 3 scrolls of identify
 e - a scroll of enchant weapon {unknown}
 g - 2 scrolls of teleportation
 s - 2 scrolls of noise
 v - a scroll of blinking
Potions
 i - 3 potions of agility {unknown}
 p - a potion of lignification {unknown}
 q - a potion of cure mutation {unknown}
 r - a potion of degeneration {unknown}
 t - 2 potions of mutation {unknown}
 w - 2 potions of brilliance {unknown}
Comestibles
 c - 7 bread rations
 j - 3 meat rations
 k - a slice of pizza
 l - a royal jelly
 u - a fruit


   Skills:
 - Level 6.0(11.0) Fighting
 * Level 2.6(7.6) Polearms
 - Level 1.7(6.7) Armour
 * Level 1.4(6.4) Dodging
 - Level 0.2(5.2) Stealth
 - Level 2.4 Invocations


You had 4 spell levels left.
You didn't know any spells.

Dungeon Overview and Level Annotations

Branches:
Dungeon (3/15)

Altars:
Okawaru


Innate Abilities, Weirdness & Mutations

Your flesh is heat resistant. (rF+)
You are immune to clouds of flame.


Message History

You feel like a meek peon again.
You start resting.
You feel a little less mighty now.
You start resting.
Lugonu sends minions to punish you.
A small abomination comes into view.
You gain the combat prowess of a mighty hero.
You completely miss the small abomination.
The small abomination barely misses you.
You hit the small abomination but do no damage.
The small abomination hits you!
* * * LOW HITPOINT WARNING * * *
You closely miss the small abomination.
The small abomination closely misses you.
You hit the small abomination.
The small abomination is lightly damaged.
You hit the small abomination but do no damage.
The small abomination is lightly damaged.
The small abomination hits you!
You die...

***####......# *,,,,,,,,,,
*,,..........#***,,,,,,,,,,
*,,........###,,,,,,,,,,,,,
*,,...$....# *,,,,,,,,,,,,,
*,,........# *,,,**********
**####.....# *,,,* *
#.....# *,,,* * #####x#
*,,,* * #@# *,,,*
#.#**,,,**********
#..,,,,,,,,,,,,,,,
####**************


You could see a small abomination.

Vanquished Creatures
  A small abomination (D:3)
  The ghost of Agrougrou the Covered, an amateur GrFi (D:3)
  A worker ant zombie (D:1)
  7 adders
  2 worms (D:2)
  2 dart slugs
  2 leopard geckos
  5 orcs (D:3)
  2 ball pythons
  4 giant cockroaches
  7 goblins
  16 hobgoblins
  10 kobolds
  A quokka (D:2)
  11 bats
  8 frilled lizards
  9 rats
89 creatures vanquished.

Notes
Turn   | Place    | Note
-------+----------+-------------------------------------------
     0 | Abyss:1  | Wardy1 the Demonspawn Abyssal Knight began the quest for the Orb.
     0 | Abyss:1  | Reached XP level 1. HP: 18/18 MP: 2/2
    64 | Abyss:1  | Noticed a great orb of eyes
    71 | D:1      | Escaped the Abyss
   157 | D:1      | Reached * piety under Lugonu
   391 | D:1      | Gained mutation: Your flesh is heat resistant. (rF+) [demonic ancestry]
   391 | D:1      | Reached XP level 2. HP: 23/24 MP: 3/3
   677 | D:1      | Reached skill level 4 in Fighting
  1050 | D:1      | Gained mutation: You are immune to clouds of flame. [demonic ancestry]
  1050 | D:1      | Reached XP level 3. HP: 26/31 MP: 4/4
  1255 | D:2      | Found a faded altar of an unknown god.
  1268 | D:2      | Fell from the grace of Lugonu
  1268 | D:2      | Became a worshipper of Warmaster Okawaru
  1268 | D:2      | Reached * piety under Okawaru
  1556 | D:2      | Reached XP level 4. HP: 36/38 MP: 5/5
  1577 | D:2      | Reached skill level 5 in Fighting
  2690 | D:3      | Reached XP level 5. HP: 18/46 MP: 3/6
  2907 | D:3      | Reached skill level 6 in Fighting
  3130 | D:3      | Noticed Agrougrou's ghost (amateur GrFi)
  3158 | D:3      | Killed Agrougrou's ghost
  3158 | D:3      | Reached skill level 1 in Dodging
  3386 | D:3      | Noticed a small abomination
  3398 | D:3      | Killed a small abomination
  3538 | D:3      | Noticed a small abomination
  3552 | D:3      | Slain by a small abomination

Skill      XL: |  1  2  3  4  5 |
---------------+----------------+-----
Fighting       | 4 5 6 |  6.0
Polearms       | 2 |  2.6
Dodging        | 1 |  1.4
Armour         | |  1.7
Stealth        | |  0.2
Invocations    | |  2.4

Action                   |  1- 3 |  4- 6 || total
-------------------------+-------+-------++-------
Melee: Spear             |   202 |   210 ||   412
       Punch             |       |     1 ||     1
Invok: Depart the Abyss  |     1 |       ||     1
       Heroism           |       |     4 ||     4
  Use: Scroll            |       |     6 ||     6
       Potion            |       |     3 ||     3
  Eat: Chunk             |     2 |     6 ||     8
Armor: Leather armour    |     6 |       ||     6
       Ring mail         |    53 |    54 ||   107
Dodge: Dodged            |    95 |    96 ||   191
